[Event "Titled Tuesday Blitz September 27 Early 2022"]
[White "Odegov, Artem"]
[Black "Harsha Bharathakoti"]
[WhiteFideId "34183644"]
[BlackFideId "5078776"]
[WhiteElo "2286"]
[BlackElo "2523"]
[Result "0-1"]
[Round "07"]
[TimeControl "180+1"]
[Date "2022.09.27"]
[WhiteClock "0:00:02"]
[BlackClock "0:00:57"]

1. d4 e6 2. c4 b6 3. Nf3 Bb7 4. g3 Bb4+ 5. Bd2 Bxf3 6. exf3 Bxd2+ 7. Nxd2 d5 8. Bg2 c6 9. O-O Nd7 10. f4 Ne7 11. Rc1 O-O 12. Re1 Rc8 13. Nf3 Nf5 14. Ne5 Nxe5 15. fxe5 dxc4 16. Rxc4 b5 17. Rxc6 Rxc6 18. Bxc6 Nxd4 19. Bg2 Qb6 20. Qd3 Rd8 21. Rc1 g6 22. h4 h5 23. Qe3 b4 24. Kh2 Qa5 25. a3 bxa3 26. bxa3 Nf5 27. Qc5 Qd2 28. Rc2 Qd3 29. Rc3 Qd2 30. Rc2 Qd7 31. Qa5 Qd4 32. Qc5 Kg7 33. Qxd4 Rxd4 34. Rc3 Rd2 35. Kg1 Ra2 36. Be4 Nd4 37. Rd3 Nb5 38. Bc6 Nxa3 39. Kg2 Nc4 40. Rc3 Nxe5 41. Be4 Ng4 42. Rc7 Rxf2+ 43. Kg1 a5 44. Ra7 Ra2 45. Bd3 Ne5 46. Bb5 Nf3+ 47. Kf1 Nd4 48. Bc4 Ra4 49. Bd3 Ra3 50. Bc4 Rxg3 51. Rxa5 Rg4 52. Ra7 Rxh4 53. Rd7 Rf4+ 54. Kg2 g5 55. Kg3 h4+ 56. Kg2 Rg4+ 57. Kf2 h3 0-1


[Site "https://www.chess.com"]

[Event "Titled Tuesday Blitz September 27 Early 2022"]
[White "Omariev, Maksim"]
[Black "Curtis, John"]
[WhiteFideId "4193423"]
[BlackFideId "3200256"]
[WhiteElo "2390"]
[BlackElo "2203"]
[Result "1-0"]
[Round "07"]
[TimeControl "180+1"]
[Date "2022.09.27"]
[WhiteClock "0:00:17"]
[BlackClock "0:00:17"]

1. g4 c6 2. Bg2 d5 3. g5 e5 4. d4 e4 5. c4 h6 6. Nc3 hxg5 7. Qb3 dxc4 8. Qxc4 f5 9. Nh3 Rxh3 10. Bxh3 g4 11. Bg2 Nf6 12. h3 b5 13. Qb3 Qxd4 14. Be3 Qb4 15. Qc2 gxh3 16. Rxh3 Qc4 17. b3 Qf7 18. Rh8 Be6 19. f3 Nbd7 20. fxe4 Ng4 21. Bg1 f4 22. O-O-O Ne3 23. Bxe3 fxe3 24. Rf1 Qe7 25. e5 O-O-O 26. Bxc6 Kb8 27. Nxb5 Nxe5 28. Kb1 Rc8 29. Nd4 Qd6 30. Qe4 Nxc6 31. Nxe6 Be7 32. Rxc8+ Kxc8 33. Rc1 Kb7 34. Nd4 Bf6 35. Qxc6+ Qxc6 36. Nxc6 Kb6 37. Nb4 a6 38. Nd5+ Kb5 39. Nxf6 gxf6 40. Rf1 Kb4 41. Rxf6 Kc3 42. Rd6 a5 43. Rd3+ Kb4 44. Rxe3 a4 45. Kb2 a3+ 46. Kc2 Kc5 47. Re4 Kd5 48. Ra4 Kc5 49. Kd3 Kb5 50. e4 Kc5 51. Ke3 Kd6 52. Kf4 Ke6 53. e5 Kd5 54. Kf5 Kc5 55. e6 Kd6 56. Kf6 Kc7 57. Rxa3 Kd6 58. Ra4 Kc5 59. Rc4+ Kd5 60. e7 Kd6 61. e8=Q Kd5 62. Qe6# 1-0


[Site "https://www.chess.com"]

[Event "Titled Tuesday Blitz September 27 Early 2022"]
[White "Oparin, Grigoriy"]
[Black "Hafiz, Arif Abdul"]
[WhiteFideId "24125890"]
[BlackFideId "7104227"]
[WhiteElo "2639"]
[BlackElo "2198"]
[Result "1-0"]
[Round "07"]
[TimeControl "180+1"]
[Date "2022.09.27"]
[WhiteClock "0:00:36"]
[BlackClock "0:00:07"]

1. Nf3 d5 2. g3 Nf6 3. Bg2 Bf5 4. c4 e6 5. Qb3 Qc8 6. d3 c6 7. O-O Be7 8. cxd5 exd5 9. Nc3 O-O 10. Re1 Nbd7 11. e4 Nc5 12. Qc2 dxe4 13. dxe4 Bg6 14. Nh4 Rd8 15. Nxg6 hxg6 16. e5 Ne8 17. Rd1 Rxd1+ 18. Qxd1 Qf5 19. Qe2 Nc7 20. Bd2 Qc2 21. Be3 Qxe2 22. Nxe2 Nd3 23. f4 Rd8 24. b3 Nb5 25. Rd1 a5 26. a4 Na3 27. Bb6 Rd7 28. Bh3 Rd5 29. Nc3 Nxf4 30. Nxd5 Nxd5 31. Bxa5 Bc5+ 32. Kh1 Nc2 33. Rc1 Bb4 34. Rxc2 Bxa5 35. Bc8 Nb4 36. Rd2 b5 37. axb5 cxb5 38. Rd7 Kf8 39. Bb7 Bb6 40. Be4 Ke8 41. Rb7 Bd4 42. Rxb5 Na2 43. Rb8+ Ke7 44. Rb7+ Ke6 45. Bd3 Kxe5 46. Bc4 f6 47. Rxg7 g5 48. h4 gxh4 49. gxh4 f5 50. h5 Kf6 51. Rg6+ Ke5 52. h6 Kf4 53. h7 1-0


[Site "https://www.chess.com"]

[Event "Titled Tuesday Blitz September 27 Early 2022"]
[White "Ovchinnikov, Vsevolod"]
[Black "Samaganova, Aleksandra"]
[WhiteFideId "24176842"]
[BlackFideId "13800221"]
[WhiteElo "2376"]
[BlackElo "1864"]
[Result "1-0"]
[Round "07"]
[TimeControl "180+1"]
[Date "2022.09.27"]
[WhiteClock "0:00:13"]
[BlackClock "0:00:04"]

1. Nf3 c5 2. c4 Nf6 3. g3 Nc6 4. Bg2 e6 5. O-O d5 6. cxd5 Nxd5 7. d4 cxd4 8. Nxd4 Be7 9. Nxc6 bxc6 10. a3 O-O 11. Qc2 Qb6 12. Nd2 Ba6 13. Re1 Rac8 14. b3 Bf6 15. Bb2 Bxb2 16. Qxb2 Rfd8 17. Rac1 c5 18. Rc2 h6 19. Bf3 c4 20. bxc4 Qxb2 21. Rxb2 Bxc4 22. Rb7 a6 23. Nxc4 Rxc4 24. Rd1 Rc3 25. a4 Ra3 26. Ra7 Rd6 27. h4 f5 28. Rb1 Rb6 29. Rxb6 Nxb6 30. Rxa6 Nxa4 31. Bc6 Ra1+ 32. Kg2 Ra2 33. Bxa4 Rxe2 34. Bb3 Kf7 35. Ra5 Kf6 36. Rb5 Re1 37. Kf3 h5 38. Kg2 Re2 39. Rb6 Re1 40. Kf3 Re5 41. Bc4 Re1 42. Be2 Rc1 43. Kg2 Rc2 44. Bxh5 Rc3 45. Bf3 Rc2 46. Bd5 Re2 47. Bb3 Re5 48. Rb4 Re1 49. Kf3 g5 50. hxg5+ Kxg5 51. Rb6 Kf6 52. Kg2 Re5 53. Kf1 Re4 54. Rb5 Rd4 55. Rb6 Re4 56. f3 Re3 57. Kf2 Re5 58. Bc4 f4 59. gxf4 Ra5 60. Rxe6+ Kg7 61. Re4 Ra3 62. Kg3 Kf6 63. Be6 Ra1 64. Bg4 Rh1 65. f5 Rg1+ 66. Kf4 Rf1 67. Re6+ Kf7 68. Kg5 Rg1 69. Rh6 Kg7 70. f6+ Kf7 71. Rh7+ Kf8 72. Rg7 Rf1 73. Kg6 Rg1 74. Rh7 Kg8 75. f7+ Kf8 76. Rh8+ Ke7 77. f8=Q# 1-0


[Site "https://www.chess.com"]

[Event "Titled Tuesday Blitz September 27 Early 2022"]
[White "Pacheco Lugo, Alejandro Jose"]
[Black "Gabdrakhmanov, Azat"]
[WhiteFideId "3903745"]
[BlackFideId "34189197"]
[WhiteElo "2146"]
[BlackElo "2233"]
[Result "0-1"]
[Round "07"]
[TimeControl "180+1"]
[Date "2022.09.27"]
[WhiteClock "0:00:21"]
[BlackClock "0:00:15"]

1. e4 c5 2. Nf3 e6 3. d4 cxd4 4. Nxd4 a6 5. c4 Nf6 6. Nc3 Qc7 7. a3 b6 8. Be2 Bb7 9. f3 d6 10. Be3 Be7 11. O-O Nbd7 12. Qd2 O-O 13. b4 Rac8 14. Rac1 Rfe8 15. Rc2 Qb8 16. Rb1 Bd8 17. Kh1 Bc7 18. Bg1 h5 19. Nd1 h4 20. Nf2 Ne5 21. Nh3 Ng6 22. Ng5 d5 23. cxd5 exd5 24. Nf5 Bf4 25. Be3 Rxc2 26. Qxc2 Bxe3 27. Nxe3 dxe4 28. Bc4 Ne5 29. f4 Nxc4 30. Qxc4 Qxf4 31. Qxf7+ Kh8 32. Qxb7 Qxg5 33. Re1 Rd8 34. Qxb6 Rd2 35. Qxa6 Qxe3 36. Qc8+ Kh7 37. Qf5+ Kh6 38. Rg1 Qg5 0-1


[Site "https://www.chess.com"]

[Event "Titled Tuesday Blitz September 27 Early 2022"]
[White "Perez Gormaz, Matias"]
[Black "Ilkhomi, Jaloliddin"]
[WhiteFideId "3406342"]
[BlackFideId "14700948"]
[WhiteElo "2341"]
[BlackElo "1440"]
[Result "1-0"]
[Round "07"]
[TimeControl "180+1"]
[Date "2022.09.27"]
[WhiteClock "0:00:29"]
[BlackClock "0:00:04"]

1. Nf3 Nf6 2. g3 d5 3. Bg2 c6 4. c4 Bf5 5. O-O e6 6. cxd5 exd5 7. d3 Nbd7 8. Qb3 Qb6 9. Qc2 Be7 10. Nc3 O-O 11. e4 dxe4 12. dxe4 Bg6 13. Nh4 Rad8 14. Bf4 Nc5 15. Nxg6 hxg6 16. e5 Nd5 17. Nxd5 cxd5 18. Rfd1 d4 19. Qc4 Ne6 20. Bd2 Rc8 21. Qb3 Rc7 22. Qxb6 axb6 23. Rac1 Rfc8 24. Bxb7 Rxc1 25. Bxc1 Rc7 26. Bd5 Bc5 27. a3 b5 28. Kf1 Kf8 29. Bd2 Ke7 30. Rc1 Kd7 31. Ke2 d3+ 32. Kxd3 Bxf2 33. Rf1 Bb6 34. Rxf7+ Ke8 35. Bxe6 Rxf7 36. Bxf7+ Kxf7 37. Ke4 Ke6 38. g4 Bg1 39. h3 Bh2 40. Bc3 Bg1 41. Bd4 Bh2 42. b3 Bg3 43. a4 bxa4 44. bxa4 Be1 45. Bb6 Bc3 46. a5 Kd7 47. a6 Kc6 48. Bd4 Bb4 49. e6 Bd6 50. Bxg7 Kb6 51. Kd5 Be7 52. Bd4+ Kxa6 53. Bc5 1-0


[Site "https://www.chess.com"]

[Event "Titled Tuesday Blitz September 27 Early 2022"]
[White "Piesik, Piotr"]
[Black "Sadykov, Ramil"]
[WhiteFideId "1136194"]
[BlackFideId "24113590"]
[WhiteElo "2221"]
[BlackElo "2243"]
[Result "1-0"]
[Round "07"]
[TimeControl "180+1"]
[Date "2022.09.27"]
[WhiteClock "0:01:09"]
[BlackClock "0:00:14"]

1. Nf3 Nf6 2. g3 g6 3. Bg2 Bg7 4. O-O O-O 5. d4 d5 6. c4 c6 7. Nc3 Ne4 8. Qb3 Nxc3 9. bxc3 Qa5 10. Nd2 e6 11. Ba3 Rd8 12. Be7 Re8 13. Bd6 Nd7 14. e4 dxe4 15. Nxe4 Nf6 16. Bb4 Qc7 17. Nd6 Rd8 18. c5 Nd5 19. Ba3 Rb8 20. c4 Ne7 21. Rad1 Nf5 22. d5 Bd7 23. Rfe1 Bf8 24. Nxf5 exf5 25. d6 Qc8 26. Bb2 Bg7 27. Bxg7 Kxg7 28. Qc3+ Kg8 29. Re7 Re8 30. Rde1 Be6 31. R1xe6 1-0


[Site "https://www.chess.com"]

[Event "Titled Tuesday Blitz September 27 Early 2022"]
[White "Pinheiro, Iung Alicio de O."]
[Black "Gulevich, Artem"]
[WhiteFideId "2104350"]
[BlackFideId "24119580"]
[WhiteElo "2283"]
[BlackElo "2218"]
[Result "0-1"]
[Round "07"]
[TimeControl "180+1"]
[Date "2022.09.27"]
[WhiteClock "0:00:26"]
[BlackClock "0:00:12"]

1. e4 c5 2. Nf3 Nc6 3. c3 Nf6 4. e5 Nd5 5. d4 cxd4 6. Bc4 Nb6 7. Bb3 d5 8. exd6 Qxd6 9. O-O Be6 10. Na3 dxc3 11. Qe2 Bxb3 12. Nb5 Qb8 13. axb3 e5 14. Re1 f6 15. Nh4 a6 16. Nxc3 g6 17. Be3 Nd7 18. f4 Bc5 19. Rad1 Qa7 20. Bxc5 Qxc5+ 21. Kh1 O-O-O 22. Ne4 Qe7 23. Nd6+ Kb8 24. Nf3 Nc5 25. fxe5 Nxe5 26. Nxe5 fxe5 27. Qxe5 Qxe5 28. Rxe5 Nxb3 29. Re7 Nc5 30. b4 Rd7 31. Rxd7 Nxd7 32. Nf7 Re8 33. Rxd7 Re1# 0-1


[Site "https://www.chess.com"]

[Event "Titled Tuesday Blitz September 27 Early 2022"]
[White "Player, Edmund C"]
[Black "Hristodoulou, Panagiotis"]
[WhiteFideId "406520"]
[BlackFideId "4214340"]
[WhiteElo "2092"]
[BlackElo "2172"]
[Result "0-1"]
[Round "07"]
[TimeControl "180+1"]
[Date "2022.09.27"]
[WhiteClock "0:00:06"]
[BlackClock "0:00:47"]

1. e4 e5 2. Nf3 Nc6 3. Bb5 g6 4. c3 a6 5. Ba4 Bg7 6. d4 exd4 7. cxd4 b5 8. Bc2 d6 9. Nc3 Nge7 10. Be3 Na5 11. b3 O-O 12. Qd2 Bb7 13. O-O Rc8 14. Rad1 Qd7 15. d5 c5 16. Ne2 Qd8 17. Ng5 c4 18. Bd4 Bxd4 19. Nxd4 Qc7 20. Qf4 h6 21. Ngf3 Kh7 22. Qh4 cxb3 23. axb3 Ng8 24. Ng5+ Kh8 25. Rd3 Qe7 26. Rh3 Kg7 27. f4 Rce8 28. f5 Qxg5 29. f6+ Nxf6 30. Nf5+ gxf5 31. Rg3 Ng4 32. Qxg5+ hxg5 33. h3 Ne3 34. Rxg5+ Kh6 35. Rgxf5 Nxf5 36. Rxf5 Re5 37. Rf6+ Kg7 38. Rxd6 Rc8 39. Bd1 Rxe4 40. Bh5 Re7 41. g4 Nxb3 42. g5 a5 43. Bg4 Rc1+ 44. Kg2 a4 45. Bf5 a3 46. h4 a2 47. h5 a1=Q 48. h6+ Kf8 49. Rd8+ Re8 50. h7 Rxd8 51. h8=Q+ Qxh8 0-1


[Site "https://www.chess.com"]

[Event "Titled Tuesday Blitz September 27 Early 2022"]
[White "Poltorak, Sebastian"]
[Black "Haitin, Ilja"]
[WhiteFideId "1199498"]
[BlackFideId "4501764"]
[WhiteElo "2104"]
[BlackElo "2243"]
[Result "1-0"]
[Round "07"]
[TimeControl "180+1"]
[Date "2022.09.27"]
[WhiteClock "0:01:26"]
[BlackClock "0:00:02"]

1. e4 d6 2. Nc3 e5 3. g3 g6 4. Bg2 Bg7 5. Nge2 Nc6 6. O-O Nge7 7. f4 O-O 8. d3 Nd4 9. Nxd4 exd4 10. Ne2 f5 11. Kh1 c5 12. Bd2 Qc7 13. c3 Nc6 14. Rc1 Qe7 15. cxd4 Nxd4 16. Nxd4 Bxd4 17. Bc3 Qg7 18. Qb3+ Kh8 19. Bxd4 Qxd4 20. Rc4 Qg7 21. Qc3 Be6 22. Qxg7+ Kxg7 23. Rc3 Rab8 24. b3 b6 25. Rd1 Rbc8 26. Kg1 Rfd8 27. Kf2 d5 28. e5 d4 29. Rc2 Kf7 30. Rdc1 Rb8 31. Ke2 Rd7 32. Kd2 Ke7 33. Rb2 a5 34. a3 Bd5 35. Bxd5 Rxd5 36. b4 axb4 37. axb4 Ra8 38. Rc4 Ra1 39. bxc5 Rxc5 40. Rxd4 b5 41. Rdb4 Rh1 42. Rxb5 Rxh2+ 43. Ke3 Rxb2 44. Rxb2 Rc1 45. Rb7+ Ke6 46. Rb6+ Ke7 47. Kd4 Rg1 48. Kd5 Rxg3 49. Rb7+ Kd8 50. d4 Rd3 51. Rxh7 Rf3 52. Kd6 Rxf4 53. Rh8# 1-0


[Site "https://www.chess.com"]

[Event "Titled Tuesday Blitz September 27 Early 2022"]
[White "Principe, Gerson"]
[Black "Malyi, Viacheslav"]
[WhiteFideId "3804550"]
[BlackFideId "14123983"]
[WhiteElo "2280"]
[BlackElo "2190"]
[Result "1-0"]
[Round "07"]
[TimeControl "180+1"]
[Date "2022.09.27"]
[WhiteClock "0:01:18"]
[BlackClock "0:01:54"]

1. Nf3 Nf6 2. b3 e6 3. Bb2 Be7 4. g3 O-O 5. Bg2 d5 6. O-O c5 7. e3 Nc6 8. d4 cxd4 9. exd4 Ne4 10. c4 f5 11. Nc3 Bf6 12. Re1 Bd7 13. cxd5 Nxc3 14. Bxc3 exd5 15. Ne5 Bxe5 16. Bxd5+ Kh8 17. dxe5 Re8 18. e6 Bc8 19. Qf3 f4 20. Rad1 Qg5 21. Bxc6 bxc6 22. Qxc6 Bxe6 23. Rxe6 Rec8 24. Qf3 fxg3 25. hxg3 Rf8 26. Qe3 Qg4 27. Rd7 Rg8 28. Ree7 1-0


[Site "https://www.chess.com"]

[Event "Titled Tuesday Blitz September 27 Early 2022"]
[White "Przybylski, Wojciech"]
[Black "Shyaamnikhil P"]
[WhiteFideId "1117599"]
[BlackFideId "5024218"]
[WhiteElo "2133"]
[BlackElo "2273"]
[Result "0-1"]
[Round "07"]
[TimeControl "180+1"]
[Date "2022.09.27"]
[WhiteClock "0:00:02"]
[BlackClock "0:00:11"]

1. e4 Nf6 2. e5 Ng8 3. Nc3 d5 4. d4 c6 5. f4 h5 6. Bd3 g6 7. h3 Nh6 8. Nge2 Bf5 9. Be3 Bxd3 10. Qxd3 Nf5 11. O-O-O h4 12. Bf2 Na6 13. Rde1 Qd7 14. g4 hxg3 15. Nxg3 Nb4 16. Qe2 Bh6 17. Qf3 Nh4 18. Qe2 Bxf4+ 19. Kb1 Bxg3 20. Bxg3 Nf5 21. e6 Qxe6 22. Qf2 Qd7 23. Be5 Rh5 24. Ne2 O-O-O 25. Nf4 Rh7 26. a3 Na6 27. Nd3 f6 28. Bh2 Rxh3 29. Bf4 Rxh1 30. Rxh1 g5 31. Bd2 Nd6 32. Rh7 Qf5 33. Qh2 Re8 34. Nc5 Nxc5 35. dxc5 Qf1+ 36. Ka2 Qc4+ 37. Kb1 Qf1+ 38. Ka2 Ne4 39. Ba5 Qf4 40. Qh5 Kd7 41. Rh8 Rxh8 42. Qxh8 Nxc5 43. Qd8+ Ke6 44. Qg8+ Kf5 45. Qh7+ Kg4 46. Qxe7 Qc4+ 47. Kb1 Qf1+ 48. Ka2 Ne4 49. Qxb7 Qc4+ 50. Kb1 Qb5 51. Qd7+ f5 52. Bb4 a5 53. Be7 Qf1+ 54. Ka2 Nd2 0-1


[Site "https://www.chess.com"]

[Event "Titled Tuesday Blitz September 27 Early 2022"]
[White "Pultinevicius, Paulius"]
[Black "Martinez Alcantara, Jose Eduardo"]
[WhiteFideId "12809390"]
[BlackFideId "3805662"]
[WhiteElo "2472"]
[BlackElo "2703"]
[Result "1-0"]
[Round "07"]
[TimeControl "180+1"]
[Date "2022.09.27"]
[WhiteClock "0:00:26"]
[BlackClock "0:01:34"]

1. c4 c5 2. Nf3 Nc6 3. Nc3 g6 4. e3 Bg7 5. d4 d6 6. d5 Nb4 7. h3 Nf6 8. e4 O-O 9. a3 Na6 10. Bd3 e5 11. O-O Ne8 12. Rb1 f5 13. b4 h6 14. Bc2 f4 15. Na4 b6 16. bxc5 dxc5 17. Bb2 Qe7 18. d6 Nxd6 19. Nc3 Bb7 20. Nd5 Qe6 21. Bd3 Bc6 22. Re1 Rac8 23. Nh4 Kh7 24. Be2 Qf7 25. Bg4 1-0


[Site "https://www.chess.com"]

[Event "Titled Tuesday Blitz September 27 Early 2022"]
[White "Rangel, Daniel"]
[Black "Jakubowski, Krzysztof"]
[WhiteFideId "2124475"]
[BlackFideId "1112848"]
[WhiteElo "2225"]
[BlackElo "2306"]
[Result "0-1"]
[Round "07"]
[TimeControl "180+1"]
[Date "2022.09.27"]
[WhiteClock "0:00:11"]
[BlackClock "0:01:32"]

1. c4 c5 2. g3 Nf6 3. Bg2 d5 4. cxd5 Nxd5 5. Nf3 Nc6 6. O-O e5 7. Nc3 Nc7 8. d3 Be7 9. Nd2 O-O 10. Bxc6 bxc6 11. Nc4 f6 12. b3 Qe8 13. Ba3 Bh3 14. Re1 Rd8 15. Qc2 Ne6 16. Na4 Qh5 17. Ne3 Nd4 18. Qc4+ Be6 19. Qa6 Nxe2+ 20. Rxe2 Qxe2 21. Qxc6 Bh3 22. Bxc5 Bxc5 23. Nxc5 Kh8 24. Qe4 f5 25. Qb7 f4 0-1


[Site "https://www.chess.com"]

[Event "Titled Tuesday Blitz September 27 Early 2022"]
[White "Ravi, Thandalam Shanmugam"]
[Black "Aldokhin, Ivan"]
[WhiteFideId "5000238"]
[BlackFideId "24115720"]
[WhiteElo "2063"]
[BlackElo "2243"]
[Result "0-1"]
[Round "07"]
[TimeControl "180+1"]
[Date "2022.09.27"]
[WhiteClock "0:00:49"]
[BlackClock "0:00:46"]

1. e4 c5 2. Nf3 e6 3. g3 b6 4. Bg2 Bb7 5. Nc3 a6 6. d4 cxd4 7. Nxd4 Nf6 8. O-O d6 9. Re1 Qc7 10. a4 Be7 11. Be3 Nbd7 12. a5 b5 13. Bg5 h6 14. Bxf6 Nxf6 15. Qd2 Rc8 16. Re2 Ng4 17. f4 O-O 18. h3 Nf6 19. Kh1 Rfd8 20. f5 b4 21. Na4 e5 22. Nb3 d5 23. Nb6 dxe4 24. Nxc8 Rxd2 25. Nxe7+ Qxe7 26. Nxd2 Nh5 27. Kh2 Qg5 28. g4 Ng3 29. Ree1 Qxd2 30. Kxg3 e3 31. Rg1 Qf2+ 32. Kh2 Qf4+ 33. Kh1 Qg3 34. Bxb7 Qxh3# 0-1


[Site "https://www.chess.com"]

[Event "Titled Tuesday Blitz September 27 Early 2022"]
[White "Reyes, Narquingden"]
[Black "Ravi, Teja S."]
[WhiteFideId "5217334"]
[BlackFideId "5017220"]
[WhiteElo "2633"]
[BlackElo "2772"]
[Result "1/2-1/2"]
[Round "07"]
[TimeControl "180+1"]
[Date "2022.09.27"]
[WhiteClock "0:00:06"]
[BlackClock "0:00:22"]

1. d4 d5 2. Nf3 Nf6 3. c3 Bf5 4. Qb3 Qc8 5. c4 dxc4 6. Qxc4 c6 7. g3 e6 8. Bg2 Nbd7 9. O-O Be7 10. Nc3 O-O 11. Re1 Bg6 12. e4 b5 13. Qb3 b4 14. e5 bxc3 15. exf6 Nxf6 16. bxc3 Be4 17. Bg5 Rb8 18. Qa4 Re8 19. Bxf6 Bxf3 20. Bxf3 Bxf6 21. Bxc6 Re7 22. Rab1 Rc7 23. Rxb8 Qxb8 24. d5 Bxc3 25. Re3 Qb4 26. Qxb4 Bxb4 27. Rb3 a5 28. a3 Bf8 29. a4 exd5 30. Bxd5 Bb4 31. Rd3 g6 32. Kg2 Kg7 33. h4 h5 34. Bf3 Rc2 35. Bd5 Rc5 36. Bb3 Rc7 37. Rf3 Bd6 38. Bd5 Be5 39. Re3 Bd4 40. Rd3 Bf6 41. Bb3 Rb7 42. f4 Rb4 43. Kf3 Bd4 44. Kg2 Kf6 45. Kf3 Ke7 46. Kg2 f5 47. Kf3 Kd6 48. Bf7 Rxa4 49. Bxg6 Ke6 50. Bxh5 Rb4 51. Be8 a4 52. h5 Ke7 53. Bc6 Kd6 54. Be8 Ke7 55. Bc6 Rb3 56. Rxb3 axb3 57. Ba4 b2 58. Bc2 Kf6 59. h6 Kg6 60. g4 Kxh6 61. Bxf5 Kg7 62. Bb1 Kf6 63. g5+ Kg7 64. Ke4 Bc3 65. Kf5 Bd2 66. Kg4 Bc3 67. f5 Bd4 68. Kf4 Bc3 69. Ke4 Bd2 70. f6+ Kg6 71. Ke5+ Kxg5 72. f7 Bc3+ 73. Ke6 Bb4 74. Kd7 Kf4 75. Ke8 Ke3 76. f8=Q Bxf8 77. Kxf8 Kd2 78. Bf5 Kc1 79. Bg6 Kd2 80. Bf5 Ke3 81. Bg6 Kf4 82. Bb1 Ke3 83. Bg6 Kd2 84. Ke7 b1=Q 85. Bxb1 1/2-1/2


[Site "https://www.chess.com"]

[Event "Titled Tuesday Blitz September 27 Early 2022"]
[White "Rivas Garcia, Victor"]
[Black "Balabayeva, Xeniya"]
[WhiteFideId "2217740"]
[BlackFideId "13719688"]
[WhiteElo "2304"]
[BlackElo "1895"]
[Result "1-0"]
[Round "07"]
[TimeControl "180+1"]
[Date "2022.09.27"]
[WhiteClock "0:00:40"]
[BlackClock "0:00:16"]

1. e4 c6 2. d4 d5 3. e5 Bf5 4. Nc3 e6 5. g4 Bg6 6. Nge2 h6 7. Be3 Ne7 8. Qd2 Nd7 9. O-O-O a6 10. f4 b5 11. Ng3 Qa5 12. Kb1 b4 13. Nce2 h5 14. Nxh5 Bxh5 15. gxh5 Rxh5 16. Ng3 Rh8 17. h4 g6 18. h5 gxh5 19. Rxh5 Rg8 20. Bf2 c5 21. f5 c4 22. fxe6 fxe6 23. Bh3 Rg6 24. Rh8 c3 25. Qd3 cxb2 26. Rh7 O-O-O 27. Rxe7 Rxg3 28. Bxg3 Bxe7 29. Bxe6 Kb7 30. Qb3 Nb6 31. Rf1 Rf8 32. Rxf8 Bxf8 33. Bf7 Nc4 34. Be1 Qb5 35. a4 bxa3 36. Bxd5+ Ka7 37. Bxc4 Qc6 38. d5 Qc5 39. d6 Qxe5 40. Bf2+ 1-0


[Site "https://www.chess.com"]

[Event "Titled Tuesday Blitz September 27 Early 2022"]
[White "Ronka, Erik"]
[Black "Zheenbekov, Nurgazy"]
[WhiteFideId "505080"]
[BlackFideId "13800485"]
[WhiteElo "2264"]
[BlackElo "1932"]
[Result "1-0"]
[Round "07"]
[TimeControl "180+1"]
[Date "2022.09.27"]
[WhiteClock "0:00:53"]
[BlackClock "0:00:03"]

1. e4 e5 2. Nf3 Nc6 3. Bb5 a6 4. Ba4 Nf6 5. O-O Be7 6. Re1 b5 7. Bb3 d6 8. c3 O-O 9. h3 Nb8 10. d4 Nbd7 11. Nbd2 Bb7 12. Bc2 Re8 13. Nf1 Bf8 14. Ng3 g6 15. a4 c5 16. d5 c4 17. Bg5 Bg7 18. Qd2 Nc5 19. Nh2 Qd7 20. Rf1 bxa4 21. f3 Nb3 22. Bxb3 cxb3 23. f4 exf4 24. Rxf4 Nxd5 25. exd5 Re5 26. Bf6 Rxd5 27. Qf2 Re8 28. Rf1 Bh6 29. Rf3 Rd2 30. Ng4 Qxg4 31. hxg4 Rxf2 32. Kxf2 Bxf3 33. gxf3 Be3+ 34. Kg2 a3 35. bxa3 d5 36. Rb1 Rb8 37. Bd4 Bg5 38. Ne2 a5 39. f4 Be7 40. a4 Bd6 41. Kf3 b2 42. c4 Rb3+ 43. Kf2 dxc4 44. Rxb2 Kf8 45. Rxb3 cxb3 46. Nc1 b2 47. Bxb2 Bxf4 48. Nb3 Bc7 49. Bc3 h5 50. gxh5 gxh5 51. Kg2 Ke8 52. Kh3 Kd7 53. Kh4 Kc6 54. Bxa5 Bd6 55. Kxh5 Kd5 56. Bb6 1-0


[Site "https://www.chess.com"]

[Event "Titled Tuesday Blitz September 27 Early 2022"]
[White "Roque Sola, Gisela"]
[Black "Amgalantengis, Enkh-Amgalan"]
[WhiteFideId "5120241"]
[BlackFideId "4903536"]
[WhiteElo "1845"]
[BlackElo "1719"]
[Result "0-1"]
[Round "07"]
[TimeControl "180+1"]
[Date "2022.09.27"]
[WhiteClock "0:00:27"]
[BlackClock "0:02:14"]

1. e4 c5 2. Nf3 d6 3. d4 cxd4 4. Nxd4 Nf6 5. Nc3 a6 6. Be2 g6 7. Be3 Bg7 8. f3 O-O 9. Qd2 b5 10. a3 Bb7 11. O-O Nbd7 12. Kh1 Rc8 13. Rad1 Nb6 14. Bd3 Nfd7 15. Qf2 Ne5 16. Ne6 fxe6 17. Bxb6 Qd7 18. Qg3 Nc4 19. Bxc4 Rxc4 20. e5 d5 21. Rd4 Qc6 22. Rxc4 bxc4 23. Bd4 Bc8 24. f4 Bd7 25. Qh4 Rf7 26. Nd1 Qa4 27. Ne3 Bb5 28. Rf3 c3 29. Bxc3 d4 30. Rh3 h5 31. Bb4 dxe3 32. Rxe3 Qxc2 33. h3 Bc6 34. Qg3 h4 35. Qxg6 Qxg6 0-1


[Site "https://www.chess.com"]

[Event "Titled Tuesday Blitz September 27 Early 2022"]
[White "Roque Sola, Jose Luis"]
[Black "Carrasco Miranda, Andres"]
[WhiteFideId "5120390"]
[BlackFideId "3405990"]
[WhiteElo "1990"]
[BlackElo "2177"]
[Result "0-1"]
[Round "07"]
[TimeControl "180+1"]
[Date "2022.09.27"]
[WhiteClock "0:00:40"]
[BlackClock "0:01:42"]

1. c4 Nf6 2. Nc3 g6 3. Nf3 Bg7 4. g3 O-O 5. Bg2 c5 6. O-O d5 7. cxd5 Nxd5 8. Nxd5 Qxd5 9. d3 Nc6 10. a3 Qd7 11. Qc2 b6 12. Bd2 Bb7 13. Bc3 Rac8 14. Bxg7 Kxg7 15. Qc3+ Kg8 16. h4 Nd4 17. Nxd4 cxd4 18. Qb4 Bxg2 19. Kxg2 Rc2 20. Rfe1 Rfc8 21. h5 Qd5+ 22. Kg1 Qxh5 23. Qxe7 Qg4 24. Qxa7 Rxe2 25. Qxb6 Rxf2 26. Qd6 Qf3 0-1


[Site "https://www.chess.com"]

[Event "Titled Tuesday Blitz September 27 Early 2022"]
[White "Rose, Felix"]
[Black "Kostiukov, Alexandr"]
[WhiteFideId "5105722"]
[BlackFideId "14108100"]
[WhiteElo "2039"]
[BlackElo "2202"]
[Result "0-1"]
[Round "07"]
[TimeControl "180+1"]
[Date "2022.09.27"]
[WhiteClock "0:00:02"]
[BlackClock "0:01:26"]

1. e4 c5 2. Nf3 g6 3. d4 cxd4 4. Nxd4 Nf6 5. f3 Bg7 6. c4 O-O 7. Nc3 e6 8. Nb3 d5 9. cxd5 exd5 10. Nxd5 Nxd5 11. Qxd5 Qe7 12. Be2 Be6 13. Qc5 Qh4+ 14. Qf2 Qe7 15. O-O Nc6 16. Rb1 Rfd8 17. Be3 b6 18. Rfc1 Nb4 19. a3 Na2 20. Re1 Bxb3 21. Bd1 Qe6 22. Bxb3 Qxb3 0-1


[Site "https://www.chess.com"]

[Event "Titled Tuesday Blitz September 27 Early 2022"]
[White "Rosen, Eric"]
[Black "Matt, Fabian"]
[WhiteFideId "2032562"]
[BlackFideId "1623303"]
[WhiteElo "2362"]
[BlackElo "2287"]
[Result "1-0"]
[Round "07"]
[TimeControl "180+1"]
[Date "2022.09.27"]
[WhiteClock "0:01:20"]
[BlackClock "0:00:22"]

1. d4 d5 2. Bf4 Nf6 3. e3 e6 4. Nf3 c5 5. Nbd2 Nc6 6. c3 cxd4 7. exd4 Nh5 8. Be3 Bd6 9. Ne5 g6 10. g4 Ng7 11. h4 h5 12. Bg5 Be7 13. Bb5 Bd7 14. Bxc6 bxc6 15. Qf3 O-O 16. Bh6 hxg4 17. Qxg4 Be8 18. h5 f5 19. Qg2 g5 20. Ng6 Bxg6 21. hxg6 g4 22. Qh2 Qb8 23. Bf4 1-0


[Site "https://www.chess.com"]